 Dungeon Crawl Stone Soup version 0.31.0-4-g52a2dc7128 (webtiles) character file.

Game seed: 3115305526650115488

184 MacCMillion the Chopper (level 5, -9/45 HPs)
             Began as a Hill Orc Fighter on Jan 23, 2024.
             Mangled by an ogre
             ... wielding a +0 giant club
              (23 damage)
             ... on level 4 of the Dungeon.
             The game lasted 00:04:34 (2919 turns).

MacCMillion the Chopper (Hill Orc Fighter)          Turns: 2919, Time: 00:04:35

Health: -9/45      AC:  6    Str: 21    XL:     5   Next: 64%
Magic:  5/5        EV:  9    Int:  8    God:
Gold:   136        SH:  4    Dex: 10    Spells: 4/4 levels left

rFire   . . .        i - +0 hand axe (venom)
rCold   . . .        c - +0 buckler
rNeg    . . .        b - +0 scale mail
rPois   .            (no helmet)
rElec   .            (no cloak)
rCorr   .            (no gloves)
SInv    .            (no boots)
Will    .....        (no amulet) Stlth
                     (no ring)
HPRegen 0.27/turn    (no ring)
MPRegen 0.09/turn

%: no passive effects
@: no status effects
A: no striking features
a: no special abilities


You were on level 4 of the Dungeon.
You visited 1 branch of the dungeon, and saw 4 of its levels.

You collected 136 gold pieces.

Inventory:

Hand Weapons
 a - a +0 war axe
 i - a +0 hand axe of venom (weapon)
Missiles
 p - 2 javelins (quivered)
Armour
 b - a +0 scale mail (worn)
 c - a +0 buckler (worn)
Scrolls
 e - a scroll of acquirement
 f - 2 scrolls of poison {unknown}
 g - a scroll of teleportation {unknown}
 h - a scroll of enchant weapon {unknown}
 j - a scroll of silence {unknown}
 k - a scroll of fear {unknown}
 o - a scroll of amnesia {unknown}
 q - a scroll of identify
 r - 2 scrolls of blinking {unknown}
Potions
 d - 2 potions of might
 l - a potion of invisibility
 m - a potion of brilliance
 n - a potion of attraction
 s - a potion of ambrosia {unknown}


   Skills:
 - Level 3.6 Fighting
 + Level 7.0 Axes
 - Level 3.2 Armour
 - Level 4.0 Shields


You had 4 spell levels left.
You didn't know any spells.
Your spell library contained the following spells:

 Spells                   Type           Power      Damage    Failure   Level
 Ensorcelled Hibernation  Hex/Ice        0%         N/A       91%         2
 Hailstorm                Conj/Ice       0%         3d5       99%         3
 Passwall                 Erth           0%         N/A       99%         3
 Summon Ice Beast         Ice/Summ       0%         N/A       99%         3
 Swiftness                Air            0%         N/A       99%         3
 Volatile Blastmotes      Fire/Tloc      0%         2d10      99%         3
 Fulminant Prism          Conj/Alch      0%         3d5       100%        4
 Iskenderun's Mystic Bla  Conj/Tloc      0%         2d3       100%        4
 Sculpt Simulacrum        Ice/Alch       0%         N/A       100%        6


Dungeon Overview and Level Annotations

Branches:
Dungeon (4/15)
 Temple: D:4-7

Altars:
Cheibriados
Sif Muna
Xom
Zin

Shops:
D:1 ?   D:3 :


Message History

The hound barks!
You hit the hound.
The hound is poisoned.
The hound is moderately wounded.
The hound bites you. The hound bites you but does no damage.
You miss the hound.
The hound is heavily wounded.
The hound bites you but does no damage.
You slash the hound!
The hound is almost dead.
The hound bites you but does no damage. You block the hound's attack.
You hit the hound.
You kill the hound!
Your Axes skill increases to level 7!
Found a falchion.
You now have 136 gold pieces (gained 16).
A goblin comes into view. It is wielding a +0 club.
Found a stone staircase leading up.
There are no items here.
You slash the goblin!
You kill the goblin!
No target in view!
Found a stone staircase leading down.
There is a stone staircase leading down here.
You see here a +0 club.
A kobold and an ogre come into view.
The ogre shouts!
There are monsters nearby!
Throw: 3 javelins
Press: ? - help, Shift-Dir - straight line, f - ogre
Aim: an ogre, wielding a +0 giant club (70% to hit)
You throw a javelin. The javelin barely misses the ogre.
You hit the ogre.
The ogre is poisoned.
The ogre is lightly wounded.
The ogre hits you with a +0 giant club!!
Ouch! That really hurt!
You barely miss the ogre.
The ogre is lightly wounded.
The ogre hits you with a +0 giant club!!
Ouch! That really hurt!
You die...

.# #### ..#####....
..(.......
#.......K. #.......
#..K.# #.# #O# #@##
#..# # #..####..<
.. ########
##......#
#.##......##
##)..####
#..........###.####
#..........##..#
#..............##
##...........##..#


You could see an ogre (very poisoned) and a kobold.

Vanquished Creatures
  2 hounds (D:4)
  An orc wizard (D:3)
  A dart slug (D:2)
  2 ribbon worms
  7 orcs
  7 ball pythons
  5 endoplasms
  4 giant cockroaches
  6 goblins
  4 hobgoblins
  10 jackals
  3 quokkas
  7 bats
  3 frilled lizards
  7 kobolds
  9 rats
78 creatures vanquished.

Notes
Turn   | Place    | Note
-------+----------+-------------------------------------------
     0 | D:1      | MacCMillion the Hill Orc Fighter began the quest for the
                  | Orb.
     0 | D:1      | Reached XP level 1. HP: 19/19 MP: 1/1
    32 | D:1      | Found Jued's Magic Scroll Shoppe.
   120 | D:1      | Reached skill level 3 in Axes
   255 | D:1      | Reached XP level 2. HP: 26/26 MP: 2/2
   368 | D:1      | Reached XP level 3. HP: 30/31 MP: 3/3
   452 | D:1      | Reached skill level 4 in Axes
  1182 | D:2      | Found a shimmering blue altar of Sif Muna.
  1357 | D:2      | Found a faded altar of an unknown god.
  1437 | D:2      | Identified the +4 hand axe of Conflict {holy, Dex+2}
  1625 | D:3      | Found Fygal Deq's Book Emporium.
  1662 | D:3      | Reached XP level 4. HP: 39/39 MP: 4/4
  1752 | D:3      | Found a shimmering blue altar of Sif Muna.
  1788 | D:3      | Reached skill level 5 in Axes
  1966 | D:3      | Identified a scroll of acquirement
  2307 | D:3      | Reached skill level 6 in Axes
  2405 | D:3      | Found a snail-covered altar of Cheibriados.
  2405 | D:3      | Found a faded altar of an unknown god.
  2413 | D:3      | Found a shimmering altar of Xom.
  2415 | D:3      | Found a glowing silver altar of Zin.
  2417 | D:3      | Found a faded altar of an unknown god.
  2579 | D:4      | Reached XP level 5. HP: 44/45 MP: 5/5
  2822 | D:4      | Reached skill level 7 in Axes
  2914 | D:4      | Noticed an ogre
  2919 | D:4      | Mangled by an ogre

Illustrated notes

Levels and vault maps discovered:
D:1:      heliophobic_arrival_henge, layout_basic, serial_shops, shop,
          serial_forest, infiniplex_forest_end_double, infiniplex_forest_end_2,
          infiniplex_forest_zigzag_1, infiniplex_forest_clump_cross,
          infiniplex_forest_lined_2, infiniplex_forest_straight_2,
          infiniplex_forest_join, infiniplex_forest_pool, minmay_misc_feat_alley
D:2:      layout_basic, hellmonk_ecumenical_altar_leap_of_faith, basic_altar
D:3:      layout_basic, chequers_temple_overflow_minitemple,
          overflow_temple_1_default, serial_shops, shop, st_stairs_13,
          minmay_between
D:4:      layout_cave_pods

Skill      XL: |  1  2  3  4  5 |
---------------+----------------+-----
Axes           | 3 4 6 7 |  7.0
Shields        | 4 |  4.0
Fighting       | |  3.6
Armour         | |  3.2

Action                     |  1- 3 |  4- 6 || total
---------------------------+-------+-------++-------
  Melee: War axe           |   117 |    49 ||   166
         Hand axe          |       |    47 ||    47
  Throw: Javelin           |       |     1 ||     1
    Use: Scroll            |       |     4 ||     4
         Potion            |       |     1 ||     1
 Armour: Scale mail        |    80 |    82 ||   162
  Dodge: Dodged            |    42 |    49 ||    91
  Block: Buckler           |    26 |    21 ||    47
